PCL
DISTRICT 9 PRAWNS @ SPOKANE TRAPPERS
04/16/2028
 
TOP OF THE 1ST
District 9 Prawns batting - Pitching for Spokane Trappers : RHP Júlio Quintana
Pitching: RHP Júlio Quintana
Batting: RHB Gil Palmer 0-0: Called Strike
0-1: Ball
1-1: Ball
2-1: Ball
3-1: Foul Ball, location: 2F
3-2: Ground out 6-3 (Groundball, 6)
Batting: RHB José Colón 0-0: Ball
1-0: Called Strike
1-1: Ball
2-1: Ball
3-1: Foul Ball, location: 2F
3-2: Base on Balls
Batting: RHB Phil Jacobs 0-0: Called Strike
0-1: Ball
1-1: Foul Ball, location: 2F
1-2: Fielders Choice at 2nd, 4-6 (Groundball, 4)
Batting: LHB Ralph Schultz 0-0: Fielders Choice at 2nd, 4-6 (Groundball, 34)
Top of the 1st over - 0 run(s), 0 hit(s), 0 error(s), 0 left on base; District 9 0 - Spokane 0
BOTTOM OF THE 1ST
Spokane Trappers batting - Pitching for District 9 Prawns : RHP Víctor Ventura
Pitching: RHP Víctor Ventura
Batting: RHB Enrique Mendoza 0-0: Ball
1-0: Ball
2-0: SINGLE (Line Drive, 7S)
Batting: LHB José Berroa 0-0: Ball
1-0: SINGLE (Line Drive, 6M)
Enrique Mendoza to second
Batting: LHB Will Hill 0-0: Foul Ball, location: 2F
0-1: Called Strike
0-2: Fly out, F8 (Flyball, 8LD)
Runner from 2nd tags up, SAFE at 3rd, no throw
Batting: RHB Ramiro Ross 0-0: Ball
1-0: Ball
2-0: Ball
3-0: Base on Balls
José Berroa to second
Batting: LHB Alan Moore 0-0: Ball
1-0: Grounds into double play, 4-6-3 (Groundball, 4)
Bottom of the 1st over - 0 run(s), 2 hit(s), 0 error(s), 2 left on base; District 9 0 - Spokane 0
TOP OF THE 2ND
District 9 Prawns batting - Pitching for Spokane Trappers : RHP Júlio Quintana
Batting: LHB Mike Davis 0-0: Called Strike
0-1: Ball
1-1: Swinging Strike
1-2: Fly out, F8 (Flyball, 8LD)
Batting: LHB Donnie Cunningham 0-0: Called Strike
0-1: Foul Ball, location: 2F
0-2: Strikes out swinging
Batting: RHB Reynold Akker 0-0: Ground out 4-3 (Groundball, 4)
Top of the 2nd over - 0 run(s), 0 hit(s), 0 error(s), 0 left on base; District 9 0 - Spokane 0
BOTTOM OF THE 2ND
Spokane Trappers batting - Pitching for District 9 Prawns : RHP Víctor Ventura
Batting: RHB Trent Rasmussen 0-0: Ball
1-0: Called Strike
1-1: Called Strike
1-2: Foul Ball, location: 2F
1-2: Foul Ball, location: 2F
1-2: Strikes out swinging
Batting: RHB Clyde Kelley 0-0: Ball
1-0: Ball
2-0: SINGLE (Line Drive, 7S)
Batting: RHB Sergio Solíz 0-0: Called Strike
0-1: Foul Ball, location: 2F
0-2: Ball
1-2: Strikes out swinging
Batting: LHB Jaime Padilla 0-0: Ball
1-0: Ball
2-0: Ball
3-0: Called Strike
3-1: Called Strike
3-2: Ground out U3 (Groundball, 3S)
Bottom of the 2nd over - 0 run(s), 1 hit(s), 0 error(s), 1 left on base; District 9 0 - Spokane 0
TOP OF THE 3RD
District 9 Prawns batting - Pitching for Spokane Trappers : RHP Júlio Quintana
Batting: LHB Manuel Cardenas 0-0: Swinging Strike
0-1: Ball
1-1: Called Strike
1-2: Ball
2-2: Foul Ball, location: 2F
2-2: Strikes out looking
Batting: LHB Terry Simpson 0-0: Ball
1-0: Ball
2-0: Called Strike
2-1: Ball
3-1: Foul Ball, location: 2F
3-2: Base on Balls
Batting: RHB Gil Palmer 0-0: Swinging Strike
0-1: Foul Ball, location: 2F
0-2: Foul Ball, location: 2F
0-2: Ball
1-2: Foul Ball, location: 2F
1-2: Strikes out swinging
Batting: RHB José Colón 0-0: Called Strike
0-1: Called Strike
0-2: Ball
1-2: Foul Ball, location: 2F
1-2: Ball
2-2: Foul Ball, location: 2F
2-2: Foul Ball, location: 2F
2-2: Foul Ball, location: 2F
2-2: Foul Ball, location: 2F
2-2: Foul Ball, location: 2F
2-2: Fielders Choice at 2nd, 6-4 (Groundball, 6)
Top of the 3rd over - 0 run(s), 0 hit(s), 0 error(s), 0 left on base; District 9 0 - Spokane 0
BOTTOM OF THE 3RD
Spokane Trappers batting - Pitching for District 9 Prawns : RHP Víctor Ventura
Batting: RHB Enrique Mendoza 0-0: Called Strike
0-1: Foul Ball, location: 2F
0-2: Ball
1-2: Strikes out swinging
Batting: LHB José Berroa 0-0: Called Strike
0-1: Foul Ball, location: 2F
0-2: Ball
1-2: Ground out 4-3 (Groundball, 4)
Batting: LHB Will Hill 0-0: Ball
1-0: Called Strike
1-1: Called Strike
1-2: Strikes out swinging
Bottom of the 3rd over - 0 run(s), 0 hit(s), 0 error(s), 0 left on base; District 9 0 - Spokane 0
TOP OF THE 4TH
District 9 Prawns batting - Pitching for Spokane Trappers : RHP Júlio Quintana
Batting: RHB Phil Jacobs 0-0: Ball
1-0: Foul Ball, location: 2F
1-1: Called Strike
1-2: Ball
2-2: Foul Ball, location: 2F
2-2: Strikes out swinging
Batting: LHB Ralph Schultz 0-0: SINGLE (Line Drive, 9LS)
Batting: LHB Mike Davis 0-0: Called Strike
0-1: Ball
1-1: Grounds into double play, 6-4-3 (Groundball, 6M)
Top of the 4th over - 0 run(s), 1 hit(s), 0 error(s), 0 left on base; District 9 0 - Spokane 0
BOTTOM OF THE 4TH
Spokane Trappers batting - Pitching for District 9 Prawns : RHP Víctor Ventura
Batting: RHB Ramiro Ross 0-0: Ball
1-0: Foul Ball, location: 2F
1-1: Ball
2-1: Foul Ball, location: 2F
2-2: Ground out 6-3 (Groundball, 6)
Batting: LHB Alan Moore 0-0: SINGLE (Line Drive, 6D)
Batting: RHB Trent Rasmussen 0-0: Called Strike
0-1: Ball
1-1: Foul Ball, location: 2F
1-2: Strikes out swinging
Batting: RHB Clyde Kelley 0-0: Called Strike
0-1: Swinging Strike
0-2: SINGLE (Line Drive, 78S)
Alan Moore to second
Batting: RHB Sergio Solíz 0-0: Called Strike
0-1: Ball
1-1: Ball
2-1: Foul Ball, location: 2F
2-2: Strikes out swinging
Bottom of the 4th over - 0 run(s), 2 hit(s), 0 error(s), 2 left on base; District 9 0 - Spokane 0
TOP OF THE 5TH
District 9 Prawns batting - Pitching for Spokane Trappers : RHP Júlio Quintana
Batting: LHB Donnie Cunningham 0-0: Bunt for hit - play at first, batter safe!
Batting: RHB Reynold Akker 0-0: Called Strike
0-1: Ball
1-1: Ball
2-1: Called Strike
2-2: Foul Ball, location: 2F
2-2: Foul Ball, location: 2F
2-2: Ball
3-2: Foul Ball, location: 2F
3-2: Strikes out swinging
Batting: LHB Manuel Cardenas 0-0: Ball
1-0: Called Strike
1-1: Ball
2-1: DOUBLE (Flyball, 78D)
Donnie Cunningham to third
Batting: LHB Terry Simpson 0-0: Ball
1-0: Ball
2-0: Ground out 4-3 (Groundball, 4)
Donnie Cunningham scores
Manuel Cardenas to third
Batting: RHB Gil Palmer 0-0: Ball
1-0: Ball
2-0: Ball
3-0: Base on Balls
Batting: RHB José Colón 0-0: Ball
1-0: Fly out, F8 (Flyball, 8RM)
Top of the 5th over - 1 run(s), 2 hit(s), 0 error(s), 2 left on base; District 9 1 - Spokane 0
BOTTOM OF THE 5TH
Spokane Trappers batting - Pitching for District 9 Prawns : RHP Víctor Ventura
Batting: LHB Jaime Padilla 0-0: Called Strike
0-1: Foul Ball, location: 2F
0-2: Strikes out swinging
Batting: RHB Enrique Mendoza 0-0: Ball
1-0: Ball
2-0: Ball
3-0: Base on Balls
Batting: LHB José Berroa 0-0: Grounds into double play, 6-4-3 (Groundball, 6)
Bottom of the 5th over - 0 run(s), 0 hit(s), 0 error(s), 0 left on base; District 9 1 - Spokane 0
TOP OF THE 6TH
District 9 Prawns batting - Pitching for Spokane Trappers : RHP Júlio Quintana
Pitching: LHP Júlio Hernández
Batting: RHB Phil Jacobs 0-0: Ball
1-0: Ball
2-0: Called Strike
2-1: Ball
3-1: Base on Balls
Batting: LHB Ralph Schultz 0-0: Ball
1-0: SINGLE (Line Drive, 89S)
Phil Jacobs to second
Batting: LHB Mike Davis 0-0: Called Strike
0-1: Ball
1-1: Swinging Strike
1-2: 3-RUN HOME RUN (Flyball, 9D), Distance : 375 ft
Pitching: RHP Mark Tidwell
Batting: LHB Donnie Cunningham 0-0: Ground out 5-3 (Groundball, 56S)
Batting: RHB Reynold Akker 0-0: Foul Ball, location: 2F
0-1: Ball
1-1: Foul Ball, location: 2F
1-2: Ball
2-2: Strikes out swinging
Batting: LHB Manuel Cardenas 0-0: Called Strike
0-1: Called Strike
0-2: Fly out, F8 (Flyball, 8LM)
Top of the 6th over - 3 run(s), 2 hit(s), 0 error(s), 0 left on base; District 9 4 - Spokane 0
BOTTOM OF THE 6TH
Spokane Trappers batting - Pitching for District 9 Prawns : RHP Víctor Ventura
Batting: LHB Will Hill 0-0: Ball
1-0: SOLO HOME RUN (Flyball, 8RXD), Distance : 428 ft
Batting: RHB Ramiro Ross 0-0: Called Strike
0-1: Swinging Strike
0-2: Strikes out swinging
Batting: LHB Alan Moore 0-0: Called Strike
0-1: Ball
1-1: Fly out, F7 (Flyball, 7)
Batting: RHB Trent Rasmussen 0-0: Ball
1-0: SINGLE (Groundball, 6D)
Batting: RHB Clyde Kelley 0-0: Ball
1-0: Called Strike
1-1: Swinging Strike
1-2: Ball
2-2: Foul Ball, location: 2F
2-2: Fielders Choice at 2nd, 4-6 (Groundball, 4)
Bottom of the 6th over - 1 run(s), 2 hit(s), 0 error(s), 0 left on base; District 9 4 - Spokane 1
TOP OF THE 7TH
District 9 Prawns batting - Pitching for Spokane Trappers : RHP Mark Tidwell
Batting: LHB Terry Simpson 0-0: Called Strike
0-1: Ball
1-1: Called Strike
1-2: Foul Ball, location: 2F
1-2: Strikes out swinging
Batting: RHB Gil Palmer 0-0: Swinging Strike
0-1: Foul Ball, location: 2F
0-2: Foul Ball, location: 2F
0-2: Ball
1-2: Foul Ball, location: 2F
1-2: Ball
2-2: Fly out, F9 (Flyball, 9LS)
Batting: RHB José Colón 0-0: Called Strike
0-1: Ball
1-1: Swinging Strike
1-2: Ball
2-2: Foul Ball, location: 2F
2-2: Strikes out swinging
Top of the 7th over - 0 run(s), 0 hit(s), 0 error(s), 0 left on base; District 9 4 - Spokane 1
BOTTOM OF THE 7TH
Spokane Trappers batting - Pitching for District 9 Prawns : RHP Víctor Ventura
Batting: RHB Sergio Solíz 0-0: Called Strike
0-1: Ball
1-1: Foul Ball, location: 2F
1-2: Foul Ball, location: 2F
1-2: Strikes out swinging
Batting: LHB Jaime Padilla 0-0: Ground out 6-3 (Groundball, 6)
Batting: RHB Enrique Mendoza 0-0: Foul Ball, location: 2F
0-1: Foul Ball, location: 2F
0-2: Strikes out looking
Bottom of the 7th over - 0 run(s), 0 hit(s), 0 error(s), 0 left on base; District 9 4 - Spokane 1
TOP OF THE 8TH
District 9 Prawns batting - Pitching for Spokane Trappers : RHP Mark Tidwell
Batting: RHB Phil Jacobs 0-0: Swinging Strike
0-1: Ground out 6-3 (Groundball, 6)
Batting: LHB Ralph Schultz 0-0: Ball
1-0: Ball
2-0: Ground out 4-3 (Groundball, 34)
Batting: LHB Mike Davis 0-0: Ball
1-0: Swinging Strike
1-1: Swinging Strike
1-2: Fly out, F8 (Flyball, 8RS)
Top of the 8th over - 0 run(s), 0 hit(s), 0 error(s), 0 left on base; District 9 4 - Spokane 1
BOTTOM OF THE 8TH
Spokane Trappers batting - Pitching for District 9 Prawns : RHP Víctor Ventura
Pitching: LHP Ricardo Vega
Batting: LHB José Berroa 0-0: Ball
1-0: Fly out, F5 (Popup, 5L)
Batting: LHB Will Hill 0-0: Ball
1-0: Called Strike
1-1: Foul Ball, location: 2F
1-2: Ball
2-2: Strikes out swinging
Batting: RHB Ramiro Ross 0-0: Ball
1-0: Foul Ball, location: 2F
1-1: Called Strike
1-2: Ball
2-2: Ball
3-2: Strikes out swinging
Bottom of the 8th over - 0 run(s), 0 hit(s), 0 error(s), 0 left on base; District 9 4 - Spokane 1
TOP OF THE 9TH
District 9 Prawns batting - Pitching for Spokane Trappers : RHP Mark Tidwell
Batting: LHB Donnie Cunningham 0-0: Ball
1-0: DOUBLE (Flyball, 7)
Batting: RHB Reynold Akker 0-0: Called Strike
0-1: Swinging Strike
0-2: Ball
1-2: Ball
2-2: Ball
3-2: Foul Ball, location: 2F
3-2: Foul Ball, location: 2F
3-2: Foul Ball, location: 2F
3-2: Fly out, F9 (Flyball, 9S)
Batting: LHB Manuel Cardenas 0-0: Ball
1-0: Called Strike
1-1: Foul Ball, location: 2F
1-2: Fly out, F9 (Flyball, 9LMF)
Batting: LHB Terry Simpson 0-0: Swinging Strike
0-1: Ball
1-1: Foul Ball, location: 2F
1-2: Foul Ball, location: 2F
1-2: Ball
2-2: Strikes out swinging
Top of the 9th over - 0 run(s), 1 hit(s), 0 error(s), 1 left on base; District 9 4 - Spokane 1
BOTTOM OF THE 9TH
Spokane Trappers batting - Pitching for District 9 Prawns : LHP Ricardo Vega
Pitching: RHP Mike Stabler
Batting: LHB Alan Moore 0-0: SINGLE (Groundball, 4) (infield hit)
Batting: RHB Trent Rasmussen 0-0: Foul Ball, location: 2F
0-1: Ball
1-1: Foul Ball, location: 2F
1-2: Ball
2-2: Foul Ball, location: 2F
2-2: Foul Ball, location: 2F
2-2: Ball
3-2: Strikes out swinging
Batting: RHB Clyde Kelley 0-0: Ball
1-0: Fly out, F8 (Line Drive, 8LS)
Batting: RHB Sergio Solíz 0-0: Fielders Choice at 2nd, 4-6 (Groundball, 4)
Bottom of the 9th over - 0 run(s), 1 hit(s), 0 error(s), 0 left on base; District 9 4 - Spokane 1
Tuesday, August 8th, 2017 - OOTP Baseball 17.12 Build 75